 Dungeon Crawl Stone Soup version 0.29.0-4-gdea44cf6ec (webtiles) character file.

Game seed: 13816708148543592784

455 qw the Chopper (level 7, 0/31 (40) HPs)
             Began as a Tengu Warper on Aug 28, 2022.
             Slain by Edmund
             ... wielding a +2 dire flail of draining
              (6 damage)
             ... on level 4 of the Dungeon.
             The game lasted 00:00:24 (5028 turns).

qw the Chopper (Tengu Warper)                       Turns: 5028, Time: 00:00:24

HP:   0/31 (40)     AC: 14    Str: 13    XL:     7   Next: 5%
MP:   11/11         EV:  5    Int: 13    God:
Gold: 149           SH:  0    Dex: 14    Spells: 10/10 levels left

rFire   . . .      SeeInvis .   Y - +0 war axe
rCold   . . .      Faith    .   (no shield)
rNeg    . . .      Spirit   .   h - +0 plate armour
rPois   .          Reflect  .   (helmet restricted)
rElec   .          Harm     .   e - +2 cloak
rCorr   .          Rampage  .   (no gloves)
Will    .....                   (boots unavailable)
Stlth   ..........              (no amulet)
HPRegen 0.10/turn               (no ring)
MPRegen 0.12/turn               (no ring)

@: flying quickly and evasively, heavily drained, quick
A: beak, talons 3, nimble flight
a: no special abilities


You were on level 4 of the Dungeon.
You visited 1 branch of the dungeon, and saw 4 of its levels.

You collected 149 gold pieces.


Innate Abilities, Weirdness & Mutations

You have a beak for a mouth.
You have claws for feet.
Your magical nature lets you fly swiftly and evasively.


   Skills:
 + Level 2.1 Fighting
 - Level 7.0 Axes
 - Level 1.0 Throwing
 - Level 3.8 Armour
 - Level 2.1 Dodging
 - Level 2.0 Spellcasting
 - Level 2.4 Translocations


You had 10 spell levels left.
You didn't know any spells.
Your spell library contained the following spells:

 Spells                   Type           Power      Damage    Failure   Level
 Blink                    Tloc           14%        N/A       100%        2
 Gell's Gravitas          Tloc           7%         N/A       100%        3
 Lesser Beckoning         Tloc           7%         N/A       100%        3
 Teleport Other           Tloc           7%         N/A       100%        3
 Manifold Assault         Tloc           7%         N/A       100%        5

Inventory:

Hand Weapons
 c - a +0 flail
 Y - a +0 war axe (weapon)
Armour
 e - a +2 cloak (worn)
 h - a +0 plate armour (worn)
Scrolls
 a - a scroll of enchant armour {unknown}
Potions
 b - a potion of mutation {unknown}
 d - a potion of haste {unknown}
 g - a potion of curing {unknown}
 j - a potion of resistance {unknown}

Dungeon Overview and Level Annotations

Branches:
Dungeon (4/15)
 Temple: D:4-7

Altars:

Annotations:
D:3 1 runed translucent door, qw's ghost, weakling TeWr
D:4 Edmund


Message History

You hit Edmund but do no damage. Your kick misses Edmund.
You peck Edmund, but do no damage.
Edmund hits you with a +2 dire flail of draining.
You feel drained.
You barely miss Edmund. You claw Edmund.
Edmund is lightly wounded.
You hit the adder.
The adder bites you but does no damage. x2
Edmund hits you with a +2 dire flail of draining!
You feel drained.
You miss the adder.
The adder is moderately wounded.
You closely miss Edmund. The adder bites you.
Edmund hits you with a +2 dire flail of draining.
You feel drained.
You hit the adder. Your kick misses the adder.
The adder is heavily wounded.
You barely miss Edmund. The adder bites you but does no damage.
Edmund barely misses you. The adder barely misses you.
You completely miss the adder.
The adder is heavily wounded.
You hit Edmund. The adder barely misses you. Edmund completely misses you.
You hit the adder. Your peck misses the adder.
The adder is almost dead.
You closely miss Edmund. The adder bites you but does no damage.
Edmund hits you with a +2 dire flail of draining.
You feel drained. The adder bites you but does no damage.
You slash the adder!
You kill the adder!
You hit Edmund but do no damage. Edmund hits you but does no damage.
You feel drained. Edmund hits you but does no damage.
You feel drained.
You barely miss Edmund. Your kick misses Edmund.
Edmund is lightly wounded.
Edmund hits you with a +2 dire flail of draining.
You die...

#.###..## #.# ##..##
#.# ##..# #.# ##.#
###.######.##
########...........##
............%...)#))#
######...........##)#
#.@...#..........
#.@...#.....[......
#.....#........>...
#.....#............
#.....#............
......#............
#.....# #####.#


You could see Edmund.

Vanquished Creatures
  Duvessa (D:4)
  Dowan (D:4)
  2 orc priests (D:3)
  Jessica (D:3)
  Terence (D:2)
  An orc wizard (D:3)
  Ijyb (D:3)
  8 adders
  An ufetubus (D:4)
  2 dart slugs (D:1)
  8 orcs
  3 endoplasms
  2 giant cockroaches
  4 goblins
  4 hobgoblins
  2 jackals (D:1)
  4 kobolds
  2 quokkas
  4 ball pythons
  10 bats
  A frilled lizard (D:1)
  5 rats
68 creatures vanquished.

Notes
Turn   | Place    | Note
-------+----------+-------------------------------------------
     0 | D:1      | qw the Tengu Warper began the quest for the Orb.
     0 | D:1      | Reached XP level 1. HP: 12/12 MP: 4/4
     0 | D:1      | 0 ||| qw: Version: 0.1-a-89-g26bdef1
     0 | D:1      | 0 ||| qw: Game counter: 959
     0 | D:1      | 0 ||| qw: Always use a shield: true
     0 | D:1      | 0 ||| qw: God list: Okawaru
     0 | D:1      | 0 ||| qw: Allow faded altars: false
     0 | D:1      | 0 ||| qw: Do Orc after D:15 true
     0 | D:1      | 0 ||| qw: Do second Lair branch before Depths: true
     0 | D:1      | 0 ||| qw: Lair rune preference: random
     0 | D:1      | 0 ||| qw: Plans: Normal
     0 | D:1      | 0 ||| PLANNING D:1-11
   208 | D:1      | Reached skill level 3 in Axes
   208 | D:1      | Reached XP level 2. HP: 7/17 MP: 6/6
   694 | D:1      | 694 ||| DROPPING +0 club.
  1114 | D:1      | Reached XP level 3. HP: 21/21 MP: 7/7
  1391 | D:1      | 1391 ||| Stepping ~*~*~tactically~*~*~ (stealth).
  1396 | D:1      | Reached skill level 4 in Axes
  1596 | D:1      | 1596 ||| UPGRADING to +0 plate armour.
  1606 | D:1      | 1606 ||| DROPPING +0 leather armour.
  1607 | D:1      | 1607 ||| DROPPING orb of energy.
  1608 | D:1      | 1608 ||| DROPPING amulet of faith.
  1609 | D:1      | 1609 ||| DROPPING scroll of blinking.
  1845 | D:2      | Noticed an eye of devastation
  1847 | D:2      | Found a faded altar of an unknown god.
  1849 | D:2      | Noticed a shining eye
  1849 | D:2      | Noticed a floating eye
  1849 | D:2      | Noticed a floating eye
  1897 | D:2      | Reached XP level 4. HP: 23/26 MP: 8/8
  2092 | D:2      | Noticed Terence
  2099 | D:2      | HP: 6/26 [constriction (5)]
  2101 | D:2      | HP: 2/26 [constriction (4)]
  2103 | D:2      | Killed Terence
  2104 | D:2      | 2104 ||| FLEEEEING.
  2105 | D:2      | 2105 ||| FLEEEEING.
  2106 | D:2      | 2106 ||| FLEEEEING.
  2107 | D:2      | 2107 ||| FLEEEEING.
  2108 | D:2      | 2108 ||| FLEEEEING.
  2109 | D:2      | 2109 ||| FLEEEEING.
  2110 | D:2      | 2110 ||| FLEEEEING.
  2111 | D:2      | 2111 ||| FLEEEEING.
  2112 | D:2      | 2112 ||| FLEEEEING.
  2113 | D:2      | 2113 ||| FLEEEEING.
  2114 | D:2      | 2114 ||| FLEEEEING.
  2115 | D:2      | 2115 ||| FLEEEEING.
  2116 | D:2      | 2116 ||| FLEEEEING.
  2117 | D:2      | 2117 ||| FLEEEEING.
  2118 | D:2      | 2118 ||| FLEEEEING.
  2119 | D:2      | 2119 ||| FLEEEEING.
  2120 | D:2      | 2120 ||| FLEEEEING.
  2121 | D:2      | 2121 ||| FLEEEEING.
  2122 | D:2      | 2122 ||| FLEEEEING.
  2123 | D:2      | 2123 ||| FLEEEEING.
  2124 | D:2      | 2124 ||| STAIRDANCE
  2395 | D:1      | 2395 ||| READING scroll labelled CAGEAFRENG.
  2399 | D:1      | 2399 ||| READING scroll labelled MUWEOL ZUZYN.
  2400 | D:1      | 2400 ||| READING scroll labelled FIYRCH PENOCEFO.
  2568 | D:2      | 2568 ||| Stepping ~*~*~tactically~*~*~ (stealth).
  2582 | D:2      | Reached skill level 5 in Axes
  2834 | D:2      | Gained mutation: Your magical nature lets you fly swiftly
                  | and evasively. [Tengu growth]
  2834 | D:2      | Reached XP level 5. HP: 29/30 MP: 9/9
  3011 | D:2      | 3011 ||| READING scroll labelled GAEGIUMARR.
  3012 | D:2      | 3012 ||| READING scroll labelled WONTOBR OGGEGIH.
  3013 | D:2      | 3013 ||| Stepping randomly (stuck).
  3014 | D:2      | 3014 ||| Stepping ~*~*~tactically~*~*~ (cloud).
  3435 | D:3      | 3435 ||| FLEEEEING.
  3436 | D:3      | 3436 ||| FLEEEEING.
  3437 | D:3      | 3437 ||| FLEEEEING.
  3438 | D:3      | 3438 ||| FLEEEEING.
  3439 | D:3      | 3439 ||| FLEEEEING.
  3440 | D:3      | 3440 ||| FLEEEEING.
  3441 | D:3      | 3441 ||| FLEEEEING.
  3442 | D:3      | 3442 ||| FLEEEEING.
  3443 | D:3      | 3443 ||| FLEEEEING.
  3444 | D:3      | 3444 ||| FLEEEEING.
  3447 | D:3      | 3447 ||| FLEEEEING.
  3448 | D:3      | 3448 ||| FLEEEEING.
  3449 | D:3      | 3449 ||| FLEEEEING.
  3450 | D:3      | 3450 ||| FLEEEEING.
  3451 | D:3      | 3451 ||| FLEEEEING.
  3454 | D:3      | 3454 ||| FLEEEEING.
  3455 | D:3      | 3455 ||| FLEEEEING.
  3456 | D:3      | 3456 ||| FLEEEEING.
  3457 | D:3      | 3457 ||| FLEEEEING.
  3458 | D:3      | 3458 ||| FLEEEEING.
  3462 | D:3      | 3462 ||| FLEEEEING.
  3463 | D:3      | 3463 ||| FLEEEEING.
  3467 | D:3      | 3467 ||| FLEEEEING.
  3468 | D:3      | 3468 ||| FLEEEEING.
  3469 | D:3      | 3469 ||| FLEEEEING.
  3470 | D:3      | 3470 ||| FLEEEEING.
  3471 | D:3      | 3471 ||| FLEEEEING.
  3472 | D:3      | 3472 ||| FLEEEEING.
  3473 | D:3      | 3473 ||| FLEEEEING.
  3476 | D:3      | 3476 ||| FLEEEEING.
  3477 | D:3      | 3477 ||| FLEEEEING.
  3478 | D:3      | 3478 ||| FLEEEEING.
  3479 | D:3      | 3479 ||| FLEEEEING.
  3480 | D:3      | 3480 ||| FLEEEEING.
  3481 | D:3      | 3481 ||| FLEEEEING.
  3490 | D:3      | 3490 ||| STAIRDANCE
  3651 | D:2      | 3651 ||| READING scroll labelled RUS ANUMUIWKO.
  3652 | D:2      | 3652 ||| READING scroll labelled SESAVIOTOM.
  3751 | D:3      | HP: 4/30 [orc priest/+0 trident (4)]
  3758 | D:3      | Reached skill level 6 in Axes
  3758 | D:3      | HP: 3/30 [orc/+0 whip (2)]
  3759 | D:3      | HP: 1/30 [orc/+0 hand axe (2)]
  4050 | D:3      | 4050 ||| DROPPING +0 whip.
  4112 | D:3      | Found a runed translucent door.
  4114 | D:3      | Noticed qw's ghost (weakling TeWr)
  4199 | D:3      | Noticed Ijyb
  4201 | D:3      | 4201 ||| Stepping ~*~*~tactically~*~*~ (hiding).
  4202 | D:3      | 4202 ||| Stepping ~*~*~tactically~*~*~ (hiding).
  4211 | D:3      | Paralysed by Ijyb for 3 turns
  4214 | D:3      | Killed Ijyb
  4215 | D:3      | Reached XP level 6. HP: 35/35 MP: 10/10
  4276 | D:3      | Noticed Jessica
  4282 | D:3      | Killed Jessica
  4318 | D:3      | Identified the +3 whip "With Two Names" {flame, Int+5}
  4320 | D:3      | 4320 ||| DROPPING +3 whip "With Two Names" {flame, Int+5}.
  4372 | D:3      | 4372 ||| SWAPPING to +0 war axe.
  4382 | D:3      | 4382 ||| DROPPING +1 hand axe of venom.
  4749 | D:3      | 4749 ||| UPGRADING to +2 cloak.
  4754 | D:3      | 4754 ||| READING 2 scrolls labelled AJUIH VUVIGIU.
  4755 | D:3      | 4755 ||| DRINKING 2 dark potions.
  4756 | D:3      | 4756 ||| DROPPING potion of brilliance.
  4757 | D:3      | 4757 ||| DROPPING scroll of noise.
  4838 | D:4      | Noticed Dowan
  4839 | D:4      | 4839 ||| Stepping ~*~*~tactically~*~*~ (hiding).
  4841 | D:4      | 4841 ||| Stepping ~*~*~tactically~*~*~ (hiding).
  4841 | D:4      | Noticed Duvessa
  4842 | D:4      | 4842 ||| Stepping ~*~*~tactically~*~*~ (hiding).
  4857 | D:4      | Killed Duvessa
  4858 | D:4      | Reached skill level 3 in Armour
  4881 | D:4      | 4881 ||| Stepping ~*~*~tactically~*~*~ (hiding).
  4882 | D:4      | 4882 ||| Stepping ~*~*~tactically~*~*~ (hiding).
  4883 | D:4      | 4883 ||| Stepping ~*~*~tactically~*~*~ (hiding).
  4884 | D:4      | 4884 ||| Stepping ~*~*~tactically~*~*~ (hiding).
  4887 | D:4      | 4887 ||| Stepping ~*~*~tactically~*~*~ (hiding).
  4888 | D:4      | 4888 ||| Stepping ~*~*~tactically~*~*~ (hiding).
  4891 | D:4      | Killed Dowan
  4892 | D:4      | Reached skill level 7 in Axes
  4892 | D:4      | Reached XP level 7. HP: 26/40 MP: 11/11
  5013 | D:4      | Noticed Edmund
  5026 | D:4      | HP: 8/33 [Edmund/+2 dire flail of draining (6)]
  5028 | D:4      | Slain by Edmund

Levels and vault maps discovered:
D:1:      saegor_arrival_simple_e, layout_basic, minmay_misc_feat_ornament
D:2:      layout_rooms, hellmonk_ecumenical_altar_watching_god, uniq_terence
D:3:      layout_loops_corners, ebering_ghost_sewer_d, uniq_ijyb, uniq_jessica
D:4:      layout_basic, uniq_menkaure, uniq_duvessa, uniq_edmund

Skill      XL: |  1  2  3  4  5  6 |
---------------+-------------------+-----
Axes           | 3 4 5 6 7 |  7.0
Armour         | 2 3 |  3.8
Fighting       | |  2.1
Throwing       | |  1.0
Dodging        | |  2.1
Spellcasting   | |  2.0
Translocations | |  2.4

Action                   |  1- 3 |  4- 6 |  7- 9 || total
-------------------------+-------+-------+-------++-------
Melee: Hand axe          |    77 |    83 |       ||   160
       Kick              |    18 |    32 |     2 ||    52
       Peck              |     9 |    16 |     1 ||    26
       War axe           |       |    35 |    11 ||    46
Throw: Boomerang         |     7 |       |       ||     7
  Use: Scroll            |       |     8 |       ||     8
       Potion            |       |     1 |       ||     1
Armor: Leather armour    |     8 |       |       ||     8
       Plate armour      |    15 |    74 |    10 ||    99
Dodge: Dodged            |    34 |    24 |     4 ||    62

Table legend:
 A = Non-vault XP
 B = Vault XP
 C = Vault XP percentage of total XP
 D = Non-vault monster count
 E = Vault monster count
 F = Vault count percentage of total count
                 A         B        C        D         E       F
            +---------+---------+-------+---------+---------+-------
      Total |     330 |     320 |  49.2 |      63 |       5 |   7.4
            +---------+---------+-------+---------+---------+-------
        D:1 |      48 |       0 |   0.0 |      26 |       0 |   0.0
        D:2 |      82 |      36 |  30.5 |      16 |       1 |   5.9
        D:3 |     158 |      70 |  30.7 |      15 |       2 |  11.8
        D:4 |      42 |     214 |  83.6 |       6 |       2 |  25.0
            +---------+---------+-------+---------+---------+-------
